 Dungeon Crawl Stone Soup version 0.19.5 (webtiles) character file.

92838 Haldmier the Nimble (level 15, -2/108 HPs)
             Began as a High Elf Skald on Apr 8, 2017.
             Was the Champion of Ashenzari.
             Slain by an orc warrior
             ... wielding a +0 glaive
              (28 damage)
             ... on level 2 of the Orcish Mines on Apr 9, 2017.
             The game lasted 02:43:14 (28254 turns).

Haldmier the Nimble (High Elf Skald)               Turns: 28254, Time: 02:43:15

Health: -2/108     AC: 17    Str: 16      XL:     15   Next: 59%
Magic:  22/25      EV: 18    Int: 14 (17) God:    Ashenzari [******]
Gold:   2504       SH:  8    Dex: 17      Spells: 6 memorised, 11 levels left

rFire  + . .     SeeInvis +     Y - +3 scimitar (flame) (curse)
rCold  . . .     Gourm    .     S - +1 scale mail {rF+}
rNeg   + . .     Faith    .     F - +1 buckler (curse)
rPois  +         Spirit   .     s - +0 helmet
rElec  .         Reflect  .     j - +2 cloak {MR+}
rCorr  .         Harm     .     t - +0 pair of gloves
MR     ++...     Clarity  +     J - +0 pair of boots
Stlth  ..........               B - amulet of regeneration
                                k - ring of positive energy (curse)
                                g - ring of poison resistance (curse)

@: no status effects
A: berserk 1, subdued magic 1
a: Curse Item, Scrying, Transfer Knowledge, Renounce Religion


You were on level 2 of the Orcish Mines.
You worshipped Ashenzari.
Ashenzari was exalted by your worship.
You were not hungry.

You visited 4 branches of the dungeon, and saw 21 of its levels.
You also visited: Bailey and Ice Cave.

You collected 2564 gold pieces.
You spent 60 gold pieces at shops.

Inventory:

Hand Weapons
 Y - a cursed +3 scimitar of flaming (weapon)
Missiles
 q - 22 tomahawks
 P - 31 tomahawks of returning (quivered)
Armour
 j - a +2 cloak of magic resistance (worn)
 s - a +0 helmet (worn)
 t - a +0 pair of gloves (worn)
 F - a cursed +1 buckler (worn)
 J - a +0 pair of boots (worn)
 M - a +2 shield of protection
 O - a +2 chain mail of cold resistance
 R - a +1 ring mail of fire resistance
 S - a +1 scale mail of fire resistance (worn)
 U - a +1 chain mail of fire resistance
Jewellery
 g - a cursed ring of poison resistance (left hand)
 k - a cursed ring of positive energy (right hand)
 x - an uncursed amulet of the gourmand
 B - an amulet of regeneration (around neck)
Wands
 i - a wand of digging (8/24)
 u - a wand of lightning (5/15)
 G - a wand of disintegration (10/24)
 H - a wand of polymorph (19/24)
 K - a wand of iceblast (8/15)
 W - a wand of flame (32/48)
Scrolls
 b - 3 scrolls of teleportation
 d - a scroll of fear {unknown}
 n - 2 scrolls of blinking
 r - 13 scrolls of remove curse
 v - 5 scrolls of identify
 y - a scroll of fog
 E - a scroll of brand weapon
 L - a scroll of magic mapping
Potions
 e - 6 potions of lignification
 f - 2 potions of magic
 h - 12 potions of curing
 m - 4 potions of heal wounds
 o - a potion of brilliance
 p - 3 potions of resistance
 z - a potion of invisibility {unknown}
 D - 2 potions of cancellation
 I - 2 potions of agility
 N - 2 potions of flight
 T - a potion of might
 Z - 3 potions of ambrosia
Miscellaneous
 a - a sack of spiders
Comestibles
 c - 4 royal jellies
 l - 4 meat rations
 w - 2 slices of pizza
 A - 3 beef jerkies
 C - 10 bread rations
 Q - 4 chunks of flesh
 V - 29 fruits


   Skills:
 - Level 12.1 Fighting
 - Level 10.2(14.4) Long Blades
   Level 5.9 Maces & Flails
 - Level 10.1 Armour
 - Level 12.7 Dodging
 + Level 8.0(11.0) Shields
 - Level 6.0 Spellcasting
 - Level 9.1(12.0) Hexes
 - Level 9.0(11.9) Charms
 - Level 6.0(9.1) Necromancy
 - Level 5.0(8.0) Translocations


You had 11 spell levels left.
You knew the following spells:

 Your Spells              Type           Power        Failure   Level  Hunger
a - Infusion              Chrm           ####         1%          1    None
b - Shroud of Golubria    Chrm/Tloc      ###.......   1%          2    #......
c - Spectral Weapon       Hex/Chrm       ####....     1%          3    ###....
d - Regeneration          Chrm/Necr      ####......   1%          3    ###....
e - Confuse               Hex            ####....     1%          3    ###....
f - Tukima's Dance        Hex            ####....     1%          3    ###....


Dungeon Overview and Level Annotations

Branches:
Dungeon (12/15)            Temple (1/1) D:5            Lair (6/6) D:11
 Shoals (0/4) Lair:3        Snake (0/4) Lair:2        Slime (0/5) Lair:6
    Orc (2/2) D:12            Elf (0/3) Orc:2

Altars:
Ashenzari
Cheibriados
Dithmenos
Elyvilon
Fedhas
Gozag
Hepliaklqana
Kikubaaqudgha
Makhleb
Nemelex Xobeh
Okawaru
Qazlal
Ru
Sif Muna
Trog
Uskayaw
Vehumet
Xom
Yredelemnul
Zin
The Shining One
Beogh
Lugonu

Shops:
D:9 %   D:10 ?   D:11 *

Annotations:
D:10 loot


Innate Abilities, Weirdness & Mutations

You tend to lose your temper in combat.
Your spells are a little easier to cast, but a little less powerful.


Message History

You kill the orc!
The orc warrior barely misses you.
You swap places.
An orc wizard comes into view. It is wielding a dagger.
The orc wizard shouts!
You block the orc warrior's attack.
The orc warrior hits you from afar with a glaive!
* * * LOW HITPOINT WARNING * * *
You take 11 damage, and have 25/108 hp.
You slash the orc warrior! You burn the orc warrior.
The orc warrior is moderately wounded.
Your spectral weapon hits the orc warrior!
Your spectral weapon burns the orc warrior.
The orc warrior completely misses your spectral weapon.
You hit the orc warrior but do no damage.
The orc warrior is severely wounded.
Your spectral weapon hits the orc warrior.
Your spectral weapon burns the orc warrior.
The orc warrior hits you from afar with a glaive!!
You die...

.............#
.[......##...#
............###
............#.##
.......[[..#...# *##
.......#...#..#####.##
.......#).)o[.#.#....###
.......[[[[[[#..(......###
.........[[>#...@o)).....#
......############o....###
......# #..)......#
......# #.........#
......#**** ** #.........#
* ....#.#*, , #.........#
, .)....#* ,,
,**#.........# ,
......#*,, ,, ...........,
, ......#*, ,
,,...o........ ,


You could see 2 orc warriors, an orc wizard and a friendly spectral scimitar of
flaming.

Vanquished Creatures
  Rupert (Lair:5)
  Gastronok (Lair:3)
  Kirke (Lair:4)
  A frost giant (IceCv)
  4 orc warlords
  Snorg (Lair:4)
  Josephine (D:10)
  Erolcha (D:12)
  5 hydras
  Harold (D:10)
  Erica (D:8)
  A tengu warrior (Orc:1)
  A death yak (IceCv)
  3 orc high priests (Orc:2)
  Nergalle (D:10)
  Urug (D:10)
  4 wizards (D:12)
  2 unseen horrors
  2 hill giants
  A lindwurm (Lair:3)
  4 orc knights
  2 cyclopes
  7 orc sorcerers
  2 ugly things (D:12)
  The ghost of chlorine the Cutter, a novice HEHu of Dithmenos (D:7)
  12 elephants
  5 black mambas
  Maurice (D:8)
  An ice statue (IceCv)
  A centaur skeleton (D:10)
  3 rime drakes
  11 spiny frogs
  10 komodo dragons
  2 ice devils (Lair:2)
  4 trolls
  23 polar bears
  Grinder (D:6)
  23 blink frogs
  3 hornets
  2 two-headed ogres
  5 slime creatures (D:12)
  9 hippogriffs
  A snapping turtle (Lair:3)
  Sigmund (D:5)
  45 yaks
  6 wraiths
  A vampire (D:11)
  16 spriggans
  2 redbacks (Lair:6)
  3 wyverns
  2 basilisks
  6 hogs
  A hill giant zombie (D:12)
  Eustachio (D:5)
  Grum (D:8)
  A steam dragon (D:11)
  3 wargs
  3 hungry ghosts
  A naga (Lair:2)
  Menkaure (D:5)
  8 porcupines
  12 water moccasins
  6 black bears
  3 ice beasts
  45 orc warriors
  3 phantoms
  5 boggarts
  2 eyes of draining (D:7)
  16 ogres
  45 wolves
  7 centaurs
  14 crocodiles
  9 bullfrogs
  3 big kobolds
  A wyvern zombie (D:10)
  A gnoll sergeant (D:7)
  3 troll zombies (D:12)
  4 scorpions
  6 killer bees
  3 howler monkeys
  4 electric eels
  5 crimson imps
  2 bullfrog zombies
  A centaur zombie (D:8)
  8 jellies
  Crazy Yiuf (D:6)
  22 orc priests
  5 hounds
  19 orc wizards
  3 bullfrog skeletons
  4 gnoll shamans
  6 iguanas
  9 worker ants
  4 ogre zombies (D:12)
  2 hound skeletons (D:4)
  A hound zombie (D:10)
  Robin (D:2)
  A howler monkey zombie (D:6)
  A worker ant zombie (D:10)
  23 gnolls
  14 adders
  3 howler monkey skeletons
  A river rat (D:11)
  2 shadow imps
  An adder zombie (D:4)
  3 adder skeletons (D:4)
  4 worms
  2 leopard geckos
  78 orcs
  A ball python (D:1)
  7 giant cockroaches
  20 goblins
  13 hobgoblins
  20 jackals
  6 quokkas
  A ball python skeleton (D:4)
  17 bats
  5 frilled lizards
  A giant cockroach zombie (D:4)
  A goblin skeleton (D:12)
  A goblin zombie (D:12)
  2 hobgoblin skeletons (D:12)
  6 hobgoblin zombies
  18 kobolds
  A kobold skeleton (D:9)
  A leopard gecko zombie (D:4)
  5 orc skeletons
  15 orc zombies
  A quokka zombie (D:4)
  11 rats
  2 fungi (D:11)
  3 plants
845 creatures vanquished.

Vanquished Creatures (collateral kills)
  An orc (D:12)
1 creature vanquished.

Vanquished Creatures (others)
  4 dancing weapons
  An orc wizard (Orc:1)
  A goblin (D:3)
  12 fungi
  6 plants
  25 spectral weapons
49 creatures vanquished.

Grand Total: 895 creatures vanquished

Notes
Turn   | Place    | Note
-------+----------+-------------------------------------------
     0 | D:1      | Haldmier the High Elf Skald began the quest for the Orb.
     0 | D:1      | Reached XP level 1. HP: 14/14 MP: 4/4
   501 | D:1      | Reached XP level 2. HP: 19/19 MP: 6/6
  1135 | D:1      | Learned a level 2 spell: Shroud of Golubria
  1367 | D:2      | Reached XP level 3. HP: 24/24 MP: 7/7
  1374 | D:2      | Learned a level 3 spell: Spectral Weapon
  1475 | D:2      | Reached skill level 1 in Translocations
  1834 | D:2      | Reached skill level 1 in Hexes
  2281 | D:2      | Noticed Robin
  2400 | D:2      | Reached XP level 4. HP: 29/29 MP: 8/8
  2860 | D:2      | Killed Robin
  3060 | D:2      | Reached XP level 5. HP: 33/34 MP: 0/9
  3939 | D:3      | Found a faded altar of an unknown god.
  4245 | D:3      | Found a radiant altar of Vehumet.
  4425 | D:3      | Found an opulent altar of Gozag.
  4425 | D:3      | Found a faded altar of an unknown god.
  4430 | D:3      | Found a glowing silver altar of Zin.
  4432 | D:3      | Found a faded altar of an unknown god.
  4433 | D:3      | Found a basalt altar of Yredelemnul.
  4479 | D:4      | Reached skill level 5 in Long Blades
  4698 | D:4      | Reached XP level 6. HP: 24/39 MP: 8/10
  4780 | D:4      | Learned a level 3 spell: Regeneration
  5155 | D:4      | Found a stormy altar of Qazlal.
  5252 | D:4      | Reached skill level 1 in Necromancy
  5765 | D:5      | Entered Level 5 of the Dungeon
  5767 | D:5      | Noticed Menkaure
  5858 | D:5      | Noticed an ice beast
  5867 | D:5      | Killed an ice beast
  5867 | D:5      | Reached XP level 7. HP: 34/45 MP: 5/13
  6098 | D:4      | Learned a level 3 spell: Confuse
  6103 | D:5      | Noticed Eustachio
  6112 | D:4      | Reached skill level 5 in Charms
  6129 | D:5      | Killed Eustachio
  6245 | D:5      | Noticed Sigmund
  6264 | D:5      | Killed Sigmund
  6264 | D:5      | Reached XP level 8. HP: 50/50 MP: 4/15
  6275 | D:5      | Reached skill level 1 in Shields
  6430 | D:5      | Found a blossoming altar of Fedhas.
  6445 | D:5      | Killed Menkaure
  6445 | D:5      | Reached skill level 5 in Hexes
  6760 | D:5      | Found a snail-covered altar of Cheibriados.
  7008 | D:5      | Found a staircase to the Ecumenical Temple.
  7017 | Temple   | Entered the Ecumenical Temple
  7032 | Temple   | Became a worshipper of Ashenzari the Shackled
  7298 | D:6      | Found a runed door.
  7304 | D:6      | Noticed Crazy Yiuf
  7308 | D:6      | Killed Crazy Yiuf
  7312 | D:6      | Got the mace of Mefenwul {flame, Str+3}
  7314 | D:6      | Got the mace "Faisy" {pain, +Inv}
  7321 | D:6      | Identified the +6 mace of Mefenwul {flame, Str+3} (You found it on level 6 of the Dungeon)
  7322 | D:6      | Identified the +6 mace "Faisy" {pain, +Inv} (You found it on level 6 of the Dungeon)
  8237 | D:6      | Noticed Grinder
  8245 | D:6      | Reached skill level 1 in Maces & Flails
  8312 | D:6      | Killed Grinder
  8312 | D:6      | Reached XP level 9. HP: 54/54 MP: 11/16
  8646 | D:7      | Found a hazy altar of Hepliaklqana.
  8661 | D:7      | Reached * piety under Ashenzari
  8673 | D:7      | Found a flagged portal.
  8715 | D:7      | HP: 1/54 [ogre/giant club (18)]
  8784 | Bailey   | Entered a bailey
  9117 | Bailey   | Found a bloodstained altar of Trog.
  9270 | D:7      | Noticed chlorine's ghost (novice HEHu)
  9282 | D:7      | Killed chlorine's ghost
  9473 | D:7      | Found a burning altar of Makhleb.
  9851 | D:7      | Reached XP level 10. HP: 46/60 MP: 10/17
  9963 | D:7      | Reached skill level 5 in Necromancy
 10506 | D:7      | Found a bloodstained altar of Trog.
 11146 | D:8      | Reached skill level 5 in Maces & Flails
 11322 | D:8      | Reached ** piety under Ashenzari
 11337 | D:8      | Noticed Erica
 11349 | D:8      | Killed Erica
 11632 | D:8      | Noticed Grum
 11669 | D:8      | Killed Grum
 11778 | D:8      | Found a sacrificial altar of Ru.
 12462 | D:9      | Noticed Maurice
 12473 | D:8      | Reached XP level 11. HP: 66/70 MP: 8/18
 12563 | D:8      | Killed Maurice
 12781 | D:9      | Reached *** piety under Ashenzari
 12954 | D:9      | Found a shimmering altar of Xom.
 12969 | D:9      | Found Ezekolik's Food Boutique.
 13305 | D:9      | Reached skill level 5 in Fighting
 13329 | D:9      | Found a glowing golden altar of the Shining One.
 13442 | D:9      | Found a white marble altar of Elyvilon.
 13644 | D:10     | Entered Level 10 of the Dungeon
 13796 | D:10     | Found Jestryd's Magic Scroll Boutique.
 13811 | D:10     | Bought a scroll of fog for 30 gold pieces
 13820 | D:10     | Noticed Harold
 13825 | D:10     | Noticed Urug
 13831 | D:10     | Killed Harold
 13840 | D:10     | Killed Urug
 13935 | D:10     | Bought a scroll of identify for 30 gold pieces
 13976 | D:10     | Reached skill level 10 in Long Blades
 14052 | D:10     | Noticed Josephine
 14242 | D:10     | Killed Josephine
 14297 | D:10     | Reached skill level 5 in Dodging
 14385 | D:10     | Noticed a hill giant
 14395 | D:10     | Killed a hill giant
 14491 | D:10     | Identified the +8 mace of Incongruity {crush, rElec rF+ Dex+5}
 14676 | D:10     | Noticed Nergalle
 14703 | D:10     | Killed Nergalle
 15053 | D:11     | Found Qeytor's Assorted Antiques.
 15079 | D:11     | Found a staircase to the Lair.
 15140 | Lair:1   | Entered Level 1 of the Lair of Beasts
 15207 | Lair:1   | Reached **** piety under Ashenzari
 15767 | D:11     | Reached XP level 12. HP: 44/82 MP: 14/19
 15901 | D:11     | Found a shadowy altar of Dithmenos.
 16258 | Lair:1   | Learned a level 3 spell: Tukima's Dance
 16379 | Lair:1   | Reached skill level 1 in Armour
 16806 | Lair:2   | Reached ***** piety under Ashenzari
 16969 | Lair:2   | Found a frozen archway.
 16988 | IceCv    | Entered an ice cave
 17696 | IceCv    | Noticed a death yak
 17727 | IceCv    | Killed a death yak
 17727 | IceCv    | Reached skill level 5 in Armour
 17790 | IceCv    | Noticed a frost giant
 17874 | IceCv    | Reached XP level 13. HP: 66/92 MP: 20/20
 18035 | IceCv    | Killed a frost giant
 18035 | IceCv    | Reached skill level 10 in Fighting
 18113 | Lair:2   | Reached skill level 10 in Dodging
 18183 | Lair:2   | Found a staircase to the Snake Pit.
 19094 | Lair:3   | Noticed Gastronok
 19171 | Lair:3   | Killed Gastronok
 19315 | Lair:3   | Found a staircase to the Shoals.
 19610 | Lair:3   | Reached skill level 5 in Spellcasting
 20312 | Lair:4   | Noticed Kirke
 20320 | Lair:4   | Noticed a sphinx
 20335 | Lair:4   | Noticed a sphinx
 20566 | Lair:4   | Killed Kirke
 20666 | Lair:4   | Noticed Snorg
 20786 | Lair:4   | Killed Snorg
 20786 | Lair:4   | Reached XP level 14. HP: 54/101 MP: 13/24
 21642 | Lair:5   | Reached skill level 10 in Armour
 21716 | Lair:5   | Identified the +3 fustibalus "Otsemuc" {freeze, *Drain rPois Int+6}
 21854 | Lair:5   | Noticed Rupert
 22240 | Lair:5   | Killed Rupert
 22397 | Lair:6   | Entered Level 6 of the Lair of Beasts
 23055 | Lair:6   | Found a staircase to the Slime Pits.
 23418 | Lair:6   | Reached ****** piety under Ashenzari
 23529 | Lair:6   | Reached skill level 5 in Translocations
 24517 | D:12     | Reached XP level 15. HP: 108/108 MP: 22/25
 24684 | D:12     | Found a staircase to the Orcish Mines.
 24980 | D:12     | Noticed Erolcha
 24987 | D:12     | Killed Erolcha
 25386 | Orc:1    | Entered Level 1 of the Orcish Mines
 25465 | Orc:1    | Noticed an orc warlord
 25572 | D:12     | Killed an orc warlord
 25743 | Orc:1    | Noticed an orc warlord
 26027 | D:12     | Killed an orc warlord
 26174 | Orc:1    | Reached skill level 5 in Shields
 26363 | Orc:1    | Noticed an orc warlord
 26470 | D:12     | Killed an orc warlord
 26921 | Orc:2    | Entered Level 2 of the Orcish Mines
 27108 | Orc:2    | Found a roughly hewn altar of Beogh.
 27263 | Orc:2    | Found a roughly hewn altar of Beogh.
 27470 | Orc:2    | Found a staircase to the Elven Halls.
 27783 | Orc:2    | Noticed an orc warlord
 27796 | Orc:2    | Gained mutation: Your spells are a little easier to cast, but a little less powerful. [a neqoxec]
 27798 | Orc:2    | Gained mutation: You tend to lose your temper in combat. [a neqoxec]
 28137 | Orc:2    | Killed an orc warlord
 28254 | Orc:2    | Slain by an orc warrior

Skill      XL: |  1  2  3  4  5  6  7  8  9 10 11 12 13 14 15 |
---------------+----------------------------------------------+-----
Long Blades    | 3 4 5 6 7 8 10 | 10.2
Translocations | 1 2 3 5 |  5.0
Hexes          | 1 2 3 4 5 7 8 9 |  9.1
Charms         | 4 5 7 8 9 |  9.0
Spellcasting   | 3 4 6 |  6.0
Necromancy     | 1 2 3 4 6 |  6.0
Shields        | 2 4 8 |  8.0
Maces & Flails | 1 3 5 |  5.9
Fighting       | 4 7 9 11 12 | 12.1
Dodging        | 6 9 11 12 | 12.7
Armour         | 5 8 10 | 10.1

Action                   |  1- 3 |  4- 6 |  7- 9 | 10-12 | 13-15 || total
-------------------------+-------+-------+-------+-------+-------++-------
Melee: Falchion          |    96 |    22 |       |       |       ||   118
       Long sword        |       |   166 |    97 |       |       ||   263
       Mace              |       |       |   147 |   104 |       ||   251
       Scimitar          |       |       |       |   693 |  1254 ||  1947
       Unarmed           |       |       |       |       |     4 ||     4
 Cast: Infusion          |    19 |     5 |     2 |       |       ||    26
       Shroud of Golubri |     4 |    23 |    27 |    53 |    96 ||   203
       Spectral Weapon   |       |     9 |    31 |    57 |   116 ||   213
       Regeneration      |       |     1 |    20 |    53 |   114 ||   188
       Confuse           |       |       |     3 |     5 |     2 ||    10
       Tukima's Dance    |       |       |       |       |    19 ||    19
Invok: Curse Item        |       |       |       |     3 |       ||     3
       Scrying           |       |       |       |     3 |     1 ||     4
Evoke: Wand              |       |       |       |       |     1 ||     1
  Use: Scroll            |       |       |    13 |    12 |     2 ||    27
       Potion            |       |       |       |     1 |     1 ||     2
 Stab: Distracted        |       |     1 |     3 |     9 |    20 ||    33
       Sleeping          |       |     1 |       |       |       ||     1
       Confused          |       |       |     2 |       |       ||     2
  Eat: Chunk             |     4 |    10 |    29 |    44 |    48 ||   135
       Beef jerky        |       |     1 |       |       |       ||     1
       Bread ration      |       |     1 |       |       |       ||     1
Armor: Leather armour    |    23 |    66 |    35 |       |       ||   124
       Ring mail         |       |       |    54 |   200 |   211 ||   465
       Chain mail        |       |       |       |       |    17 ||    17
       Scale mail        |       |       |       |       |    40 ||    40
Dodge: Dodged            |    49 |   132 |   161 |   377 |   769 ||  1488
Block: Buckler           |       |       |    65 |   184 |   373 ||   622
       Rpst.: Falchion   |    20 |     7 |       |       |       ||    27
       Long sword        |       |    33 |    12 |       |       ||    45
       Scimitar          |       |       |       |    88 |   179 ||   267
